 Dungeon Crawl Stone Soup version 0.18-b1-14-g029dad2 (webtiles) character file.

24 Alarkh the Gusty (level 2, -1/19 HPs)
             Began as a Mummy Air Elementalist on Apr 30, 2016.
             Slain by a hobgoblin (5 damage)
             ... on level 1 of the Dungeon.
             The game lasted 00:01:41 (530 turns).

Alarkh the Gusty (Mummy Air Elementalist)            Turns: 530, Time: 00:01:42

Health: -1/19      AC:  2    Str: 11    XL:     2   Next: 79%
Magic:  0/5        EV: 12    Int: 14    God:
Gold:   49         SH:  0    Dex: 12    Spells: 3 memorised, 1 level left

rFire  . . .     SeeInvis .     e - +0 dagger
rCold  + . .     Gourm    .     a - +0 robe
rNeg   + + +     Faith    .     (no shield)
rPois  ∞         Spirit   .     (no helmet)
rElec  .         Dismiss  .     (no cloak)
rCorr  .         Reflect  .     (no gloves)
SustAt .         Harm     .     (no boots)
MR     .....                    (no amulet)
Stlth  ++........               (no ring)
                                c - ring of protection from fire

@: very slightly contaminated, not resistant to hostile enchantments, unstealthy
A: no food or potions, fire vulnerability, cold resistance 1, negative energy
resistance 3, torment resistance, unbreathing
a: no special abilities


You were on level 1 of the Dungeon.
You were not hungry.

You visited 1 branch of the dungeon, and saw 1 of its levels.

You collected 49 gold pieces.

Inventory:

Hand Weapons
 e - a +0 dagger (weapon)
Armour
 a - a +0 robe (worn)
Jewellery
 c - a ring of protection from fire (left hand)
Scrolls
 d - a scroll of identify {unknown}
 f - a scroll of amnesia {unknown}
Books
 b - a book of Air

   Spells                             Type                      Level
   a - Shock                          Conjuration/Air              1
   b - Swiftness                      Charms/Air                   2
   c - Repel Missiles                 Charms/Air                   2
   d - Static Discharge               Conjuration/Air              3
   e - Lightning Bolt                 Conjuration/Air              5


   Skills:
 - Level 1.5 Dodging
 - Level 1.5 Stealth
 + Level 2.5 Spellcasting
 + Level 1.1 Conjurations
 + Level 2.8 Air Magic


You had one spell level left.
You knew the following spells:

 Your Spells              Type           Power        Failure   Level  Hunger
a - Shock                 Conj/Air       #...         12%         1    N/A
c - Swiftness             Chrm/Air       #.......     21%         2    N/A
d - Repel Missiles        Chrm/Air       #.....       21%         2    N/A

Dungeon Overview and Level Annotations

Branches:
Dungeon (1/15)

Altars:


Innate Abilities, Weirdness & Mutations

You do not eat or drink.
Your flesh is vulnerable to fire.
You are immune to poison.
Your flesh is cold resistant.
You are immune to negative energy.
You are immune to unholy pain and torment.
You can survive without breathing.


Message History

Aim: a hobgoblin (resting)
You miscast Shock.
You are very lightly contaminated with residual magic.
Nothing appears to happen.
The hobgoblin shouts!
You start resting.
The hobgoblin closely misses you.
Casting: Shock
Confirm with . or Enter, or press ? or * to list all spells.
Aiming: Shock
Press: ? - help, Shift-Dir - straight line, p - hobgoblin The zap misses the hobgoblin.
The zap hits the hobgoblin.
The hobgoblin appears unharmed.
The hobgoblin hits you.
* * * LOW HITPOINT WARNING * * *
Casting: Shock
Confirm with . or Enter, or press ? or * to list all spells.
Aiming: Shock
Press: ? - help, Shift-Dir - straight line You miscast Shock.
Nothing appears to happen.
The hobgoblin hits you.
You die...

#........# #........#
### #.######.#
....###.#### #.#
...........###.######
##.##..##..........#
#.#...######.####†#
#.....g......# #.#
#.#..@######.# #.# ..
##.).......# #.# #.##
#.######### #.# #.#
#.# #.# ..# ##)## #.#
#.# ##...## ... ##
#.# ##.....##
####.##.###.......##
........##.........##


You could see a hobgoblin.

Vanquished Creatures
  4 hobgoblins (D:1)
  3 jackals (D:1)
  4 bats (D:1)
  6 goblins (D:1)
  2 kobolds (D:1)
  A rat (D:1)
20 creatures vanquished.

Notes
Turn   | Place    | Note
--------------------------------------------------------------
     0 | D:1      | Alarkh the Mummy Air Elementalist began the quest for the Orb.
     0 | D:1      | Reached XP level 1. HP: 13/13 MP: 3/3
    79 | D:1      | Reached skill level 1 in Conjurations
   186 | D:1      | Reached XP level 2. HP: 12/19 MP: 0/5
   373 | D:1      | Learned a level 2 spell: Repel Missiles
   376 | D:1      | Learned a level 2 spell: Swiftness
   530 | D:1      | Slain by a hobgoblin

Skill      XL: |  1 |
---------------+----+-----
Conjurations   | 1 |  1.1
Dodging        | |  1.5
Stealth        | |  1.5
Spellcasting   | |  2.5
Air Magic      | |  2.8

Action                   || total
-------------------------++-------
Melee: Unarmed           ||     8
       Dagger            ||    19
 Cast: Shock             ||    32
Armor: Robe              ||    10
Dodge: Dodged            ||    25
